[Event "GrandPrix_30.05"]
[Site "Chess.com"]
[Date "2020.05.30"]
[Round "8"]
[White "ZefirKa"]
[Black "GMStefanova"]
[Result "1/2-1/2"]
[WhiteElo "2145"]
[BlackElo "2295"]
[TimeControl "600+2"]
[EndTime "11:58:10 PDT"]
[Termination "Game drawn by repetition"]

1. e4 c6 2. d4 d5 3. exd5 cxd5 4. Bd3 Nc6 5. c3 Nf6 6. Bf4 Bg4 7. Qb3 Qd7 8. Nd2 Nh5 9. Be3 g6 10. h3 Bf5 11.
Be2 Nf6 12. Ngf3 Bg7 13. Ne5 Qc8 14. f4 O-O 15. O-O Rd8 16. Rae1 Ne4 17. Bf3 Be6 18.
Qd1 Ng3 19. Rf2 f6 20. Nd3 Bf7 21. Kh2 Nf5 22. g4 Nxe3 23. Rxe3 Qc7 24. Kg1 e5 25. fxe5 fxe5 26. dxe5 Nxe5 27. Nxe5 Bxe5 28. Rfe2 Bf6 29.
Nb3 Qf4 30. Nd4 Rac8 31. Bg2 Bxd4 32. Qxd4 Qxd4 33. cxd4 Rc4 34. Re7 Rxd4 35. Rxb7 Rd1+ 36. Kh2 a5 37. Ree7 Rf8 38. g5 Rd2 39. Kg3 Rd3+ 40.
Kh2 Rd2 41. Kg3 Rd3+ 42. Kh2 Rd2 1/2-1/2

[Event "GrandPrix_30.05"]
[Site "Chess.com"]
[Date "2020.05.30"]
[Round "8"]
[White "2346PL"]
[Black "IriBu"]
[Result "1/2-1/2"]
[WhiteElo "2102"]
[BlackElo "2190"]
[TimeControl "600+2"]
[EndTime "11:58:22 PDT"]
[Termination "Game drawn by repetition"]

1. d4 Nf6 2. Bg5 e6 3. Nf3 Be7 4. Nbd2 d6 5. e4 Nbd7 6. Be2 h6 7. Bh4 O-O 8. O-O Re8 9. c3 b6 10. Re1 Bb7 11. Bd3 e5 12. d5 Nh5 13. Bg3 Nf4 14. Bxf4 exf4 15. Bb5 a6 16. Bxd7 Qxd7 17. Nd4 Bf6 18.
Nf5 Kh7 19. Qh5 c6 20. dxc6 Bxc6 21. Rad1 Qe6 22. Nf3 Bxe4 23. Nxd6 Bxf3 24. gxf3 Qxe1+ 25. Rxe1 Rxe1+ 26. Kg2 Rd8 27. Ne4 Be7 28. Qxf7 Bg5 29. Qf5+ Kh8 30. Qg6 Rdd1 31. Qxb6 Rg1+ 32. Kh3 Rd5 33. Qe6 Ra5 34. b4 Ra3 35. Qc8+ Kh7 36. Qf5+ Kg8 37. Qe5 Kh7 38. Nd6 Bf6 39. Qf5+ Kh8 40. Qc8+ Kh7 41. Qf5+ Kh8 42. Qc8+ Kh7 43. Qf5+ 1/2-1/2

[Event "GrandPrix_30.05"]
[Site "Chess.com"]
[Date "2020.05.30"]
[Round "8"]
[White "chessfreak35"]
[Black "kpio91"]
[Result "1-0"]
[WhiteElo "2506"]
[BlackElo "2560"]
[TimeControl "600+2"]
[EndTime "11:58:25 PDT"]
[Termination "chessfreak35 won by resignation"]

1. e4 c5 2. Nf3 d6 3. d4 cxd4 4. Nxd4 Nf6 5. Nc3 a6 6. h4 e5 7. Nb3 h5 8. Bg5 Be6 9. g3 Nbd7 10. Bh3 Bxh3 11. Rxh3 Be7 12. Qf3 b5 13. a3 Rc8 14.
O-O-O Qc7 15. Qe2 Nb6 16. Bxf6 Bxf6 17. Nd5 Nxd5 18. Rxd5 Be7 19. Rh1 g6 20. c3 Qc4 21.
Qc2 O-O 22. Kb1 f5 23. Nd2 Qe2 24. exf5 gxf5 25. Qd1 Qxd1+ 26. Rxd1 Kf7 27. f4 Ke6 28. Nf3 e4 29. Ng5+ Kd7 30. Kc2 Rc6 31. Kb3 Kc8 32. Ne6 Rf7 33. Kb4 Rc4+ 34. Kb3 Rc6 35. a4 bxa4+ 36. Kxa4 Rb6 37. b4 Rc6 38. Kb3 Bf6 39.
c4 Kd7 40. Ng5 Bxg5 41. hxg5 Ke6 42. c5 Rd7 43. Kc4 Rd8 44. g6 e3 45. Re1 Kf6 46. Rxe3 Rdc8 47. Kd4 dxc5+ 48. bxc5 Kxg6 49. Rd6+ Rxd6+ 50. cxd6 a5 51. Kd5 Rc1 52. Ke6 1-0

[Event "GrandPrix_30.05"]
[Site "Chess.com"]
[Date "2020.05.30"]
[Round "8"]
[White "Kopytkin"]
[Black "dosto07"]
[Result "0-1"]
[WhiteElo "2023"]
[BlackElo "1843"]
[TimeControl "600+2"]
[EndTime "11:58:34 PDT"]
[Termination "dosto07 won by resignation"]

1. e4 e5 2. Nf3 Nc6 3. Bc4 Bc5 4. d3 d6 5. Nc3 Nf6 6. Be3 Bb6 7. h3 O-O 8. Bg5 h6 9. Bh4 Ba5 10. Qd2 Be6 11. Bb3 Nd4 12. O-O-O c6 13. Qe3 Bb6 14.
Qd2 a5 15. Nxd4 exd4 16. Ne2 a4 17. Bxe6 fxe6 18. c3 c5 19. cxd4 cxd4 20. Kb1 Nxe4 21. Bxd8 Nxd2+ 22. Rxd2 Raxd8 23. f3 Rc8 24. Rc2 d5 25.
Rhc1 Rxc2 26. Rxc2 e5 27. Ng3 Kf7 28. Re2 Re8 29.
Nf5 Re6 30. a3 h5 31. Ng3 Kg6 32. Kc2 Bd8 33. Kd1 Bg5 34. Nf1 h4 35. Rc2 Rc6 36. Rxc6+ bxc6 37. Kc2 Kf5 38. g3 hxg3 39. Nxg3+ Kf4 40.
Nh5+ Kxf3 41. b3 e4 42. bxa4 e3 43. Kd1 e2+ 44. Ke1 Bh4+ 0-1

[Event "GrandPrix_30.05"]
[Site "Chess.com"]
[Date "2020.05.30"]
[Round "8"]
[White "hypert"]
[Black "Arasvard"]
[Result "1-0"]
[WhiteElo "2164"]
[BlackElo "2009"]
[TimeControl "600+2"]
[EndTime "11:58:38 PDT"]
[Termination "hypert won by resignation"]

1. e4 c5 2. Nf3 d6 3. Bb5+ Nd7 4. O-O a6 5. Bxd7+ Bxd7 6. Re1 Nf6 7. e5 dxe5 8. Nxe5 e6 9. d3 Be7 10. Qf3 b5 11. Nc6 Bxc6 12. Qxc6+ Nd7 13. a4 b4 14. Nd2 O-O 15. Nc4 Qc8 16. Qf3 Rb8 17. Bf4 Ra8 18. a5 Rd8 19. Re2 Ra7 20. Rae1 Qb7 21. Qg3 Nf8 22.
b3 Ng6 23. Bg5 Qd5 24. Bxe7 Rxe7 25. h4 Qh5 26. Re4 h6 27. Ne5 Rd4 28. Nc6 Rxe4 29. Nxe7+ Nxe7 30. dxe4 Ng6 31. f3 Nxh4 32. Rd1 Ng6 33.
Rd6 c4 34. Rxa6 cxb3 35. cxb3 Qc5+ 36. Qf2 Qc3 37. Ra8+ Kh7 38. a6 Nf4 39. a7 Qa1+ 40. Kh2 g5 41. Rf8 Nd3 42. a8=Q Qxa8 43. Rxa8 Nxf2 44.
Rd8 g4 45. Kg1 g3 46. Rd4 h5 47. Rxb4 Kg6 48. Rd4 Kf6 49. b4 Ke5 50. Rd2 f5 51. exf5 1-0

[Event "GrandPrix_30.05"]
[Site "Chess.com"]
[Date "2020.05.30"]
[Round "8"]
[White "anesar92"]
[Black "cassoulet"]
[Result "1/2-1/2"]
[WhiteElo "2338"]
[BlackElo "2216"]
[TimeControl "600+2"]
[EndTime "11:58:39 PDT"]
[Termination "Game drawn by repetition"]

1. e4 c5 2. Nf3 Nc6 3. d4 cxd4 4. Nxd4 Nf6 5. Nc3 d6 6. g3 Bg4 7. Qd2 g6 8. Bg2 Bg7 9. Nxc6 bxc6 10. e5 dxe5 11.
Bxc6+ Kf8 12. Qxd8+ Rxd8 13. Be3 e4 14. O-O Bf3 15.
Bxa7 h5 16. Rfe1 h4 17. Bxe4 Nxe4 18. Nxe4 hxg3 19. Nxg3 Bxb2 20. Rab1 Bf6 21. Rb8 Kg7 22. Rxd8 Rxd8 23. Ne4 Ra8 24. Bc5 Rxa2 25. Nxf6 exf6 26. c3 Ra5 27. Bd4 Rg5+ 28. Kf1 Rh5 29. Kg1 Bd5 30.
Re3 Rh8 31. Re1 g5 32. Rb1 Rh4 33. Rb6 Rf4 34. Kf1 Kg6 35. Be3 Rh4 36. Bd4 Be6 37.
Kg2 f5 38. Rd6 Rg4+ 39. Kf1 f4 40. c4 Kf5 41. c5 f3 42. c6 Re4 43. h3 Re2 44. Kg1 Rc2 45. Bb6 Ke5 46. Bc7 Ke4 47. Bb6 Bxh3 48. Kh2 Be6 49. c7 Rc1 50. Rd4+ Ke5 51.
Rd8 Rc6 52. Ba5 Kf4 53. Rd4+ Ke5 54. Rd8 f5 55. Kg3 Ke4 56. Re8 f4+ 57. Kh2 Kf5 58. Rf8+ Kg4 59. Rf6 Rc2 60. Rxe6 Rxf2+ 61. Kg1 Rc2 62.
Re8 Rc1+ 63. Kf2 Rc2+ 64. Ke1 Rc1+ 65. Kf2 Rc2+ 66. Ke1 Rc1+ 67. Kf2 1/2-1/2

[Event "GrandPrix_30.05"]
[Site "Chess.com"]
[Date "2020.05.30"]
[Round "8"]
[White "DaVinci81"]
[Black "VincentKeymer"]
[Result "0-1"]
[WhiteElo "2579"]
[BlackElo "2668"]
[TimeControl "600+2"]
[EndTime "11:58:42 PDT"]
[Termination "VincentKeymer won by resignation"]

1. e4 e6 2. d4 d5 3. Nd2 b6 4. Ngf3 Nf6 5. exd5 exd5 6. Bd3 Bd6 7. O-O O-O 8. Ne5 c5 9. c3 Bb7 10. f4 cxd4 11.
cxd4 Nc6 12. Ndf3 Ne4 13. Be3 Ne7 14. Nd2 Nf5 15. Rf3 f6 16. Ng4 h5 17. Nxe4 hxg4 18. Nxd6 Nxd6 19. Rg3 Bc8 20. h3 f5 21. Rc1 Be6 22. Bf2 Ne4 23. Bxe4 fxe4 24. Qd2 Qd6 25.
Be3 gxh3 26. gxh3 Rac8 27. Rf1 Bf5 28. Kh2 g6 29. Rfg1 Kf7 30. Qg2 Rh8 31. Rc1 Rxc1 32. Bxc1 Qb4 33. Rc3 Qxd4 34. Be3 Qd1 35. Bg1 d4 36.
Rc7+ Ke6 37. Rc6+ Kd7 38. Rc4 d3 39. Rd4+ Kc8 40. Rxe4 Rxh3+ 41. Qxh3 Bxh3 0-1

[Event "GrandPrix_30.05"]
[Site "Chess.com"]
[Date "2020.05.30"]
[Round "8"]
[White "GMMarcinDziuba"]
[Black "Khvicha_Supatashvili"]
[Result "1/2-1/2"]
[WhiteElo "2502"]
[BlackElo "2292"]
[TimeControl "600+2"]
[EndTime "11:58:43 PDT"]
[Termination "Game drawn by repetition"]

1. c4 e6 2. g3 Nf6 3. Bg2 d5 4. Nf3 Be7 5. O-O O-O 6. Ne5 Nbd7 7. d4 Nxe5 8. dxe5 Ng4 9. Bf4 g5 10. e4 Nxf2 11. Rxf2 gxf4 12. Rxf4 dxc4 13. Nc3 Qxd1+ 14.
Rxd1 a6 15. a4 Rb8 16. Bf3 b5 17. axb5 axb5 18. Bh5 b4 19. Ne2 c3 20. bxc3 b3 21. Nd4 b2 22. Rb1 Ba3 23. Kg2 Ba6 24. Be2 Bxe2 25. Nxe2 Rfd8 26. Nd4 Bc5 27. Rf2 Rxd4 28.
cxd4 Bxd4 29. Rc2 c5 30. Kf3 Rb4 31. Ke2 c4 32. Kd1 c3 33. Re2 Bxe5 34. Kc2 Ra4 35. Re3 Ra1 36. Ree1 Ra4 37. Re3 Kg7 38. Rf1 Kg6 39.
Rb1 h5 40. Rf1 f6 41. Rb1 Kg5 42. Rf1 Kg4 43. Ree1 Kh3 44. Re2 Ra1 45. Rb1 Kg4 46. Rf2 Ra4 47. Re1 Kg5 48. Rfe2 Bd4 49. Rd1 e5 50. h3 Ra1 51. Ree1 Ra2 52. Kb3 Ra8 53.
Rf1 Kg6 54. Kc2 Ra3 55. Rd3 Ra2 56. Rdf3 Ra6 57. Kd3 Kg7 58. Kc2 Ra1 59. Rb1 Kg6 60.
Rff1 Ra3 61. Rf3 Ra1 62. Rff1 Ra3 63. Rf3 Ra1 1/2-1/2

[Event "GrandPrix_30.05"]
[Site "Chess.com"]
[Date "2020.05.30"]
[Round "8"]
[White "Baron_von_Koenig"]
[Black "hubertsmazak"]
[Result "1/2-1/2"]
[WhiteElo "2156"]
[BlackElo "2244"]
[TimeControl "600+2"]
[EndTime "11:59:00 PDT"]
[Termination "Game drawn by agreement"]

1. Nc3 c5 2. Nf3 Nc6 3. d4 cxd4 4. Nxd4 e6 5. Ndb5 d5 6. Bf4 e5 7. Nxd5 exf4 8. Nbc7+ Kd7 9. e4 Qxc7 10. Nxc7+ Kxc7 11. Qf3 Bb4+ 12. c3 Bd6 13. O-O-O Ne5 14. Qe2 Nf6 15. Rxd6 Kxd6 16. Qd2+ Ke7 17. Qxf4 Nfd7 18. Bb5 f6 19.
Rd1 a6 20. Ba4 Nc5 21. Bc2 Be6 22. Qe3 Rac8 23. f4 Ng4 24. Qg3 h5 25. f5 Bxa2 26. b4 Nxe4 27. Bxe4 Ne5 28. Bd5 Bxd5 29. Rxd5 Kf7 30.
Rxe5 fxe5 31. Qg6+ Kg8 32. f6 Rxc3+ 33. Kb2 Rc7 34. Qe8+ Kh7 35. Qxh5+ Kg8 36. Qe8+ Kh7 37. f7 Rc8 38. Qxe5 g6 39. h4 Rhf8 40. h5 gxh5 41.
Qxh5+ Kg7 42. g4 Rc6 43. Qg5+ Kxf7 44. Qd5+ Kg7 45. g5 Rf7 46. Kb3 Kg6 47. Ka4 Rf5 48. Qg8+ Kh5 49. Qh7+ Kxg5 50. Qg7+ Rg6 51. Qxb7 Rb5 52.
Qe7+ Kf5 53. Qf7+ Rf6 54. Qd7+ Ke5 55. Qe7+ Re6 56. Qc7+ Kd5 57. Qd7+ Rd6 58. Qf5+ Kc6 59. Qe4+ Kb6 60. Qe3+ Kc7 61. Qe7+ Rd7 62. Qf6 Kb7 63.
Qf3+ Ka7 64. Qe3+ Rb6 65. Qc5 Rb7 66. Ka5 Rb8 67. Qd4 Rb7 68. Qc5 Rb8 69. Qd4 Rb7 70. Qe3 Rb8 71. Qf2 Rb7 1/2-1/2

[Event "GrandPrix_30.05"]
[Site "Chess.com"]
[Date "2020.05.30"]
[Round "8"]
[White "Winawer81"]
[Black "Vesper2018"]
[Result "0-1"]
[WhiteElo "2111"]
[BlackElo "2015"]
[TimeControl "600+2"]
[EndTime "11:59:09 PDT"]
[Termination "Vesper2018 won by resignation"]

1. e4 c5 2. c3 Nf6 3. e5 Nd5 4. Nf3 Nc6 5. Bc4 Nb6 6. Bb3 c4 7. Bc2 d5 8. exd6 Qxd6 9. Na3 Qe6+ 10. Qe2 Qxe2+ 11. Kxe2 e5 12. Nb5 Rb8 13. b3 Be7 14.
Ba3 a6 15. Nd6+ Kf8 16. Nxc4 Bxa3 17. Nxa3 f5 18. d3 Kf7 19. b4 Kf6 20. Bb3 Rd8 21. Nc2 Be6 22. Ne3 Rbc8 23. Rac1 Bxb3 24. axb3 Na7 25.
c4 Nc6 26. c5 Nd5 27. Nxd5+ Rxd5 28. Rc4 g5 29. h3 h5 30. g4 a5 31. b5 Nb4 32. d4 exd4 33. Nxd4 Rcxc5 34. Nxf5 Rxb5 35. Rd1 Rxd1 36. Kxd1 hxg4 37. hxg4 Nc6 38. Kc2 Ne5 39. Rd4 Rc5+ 40. Kb2 Nxg4 41. Nd6 Nxf2 42. Rd2 Ke6 43. Nxb7 Rf5 44. Nxa5 g4 45. Nc6 Rf4 46. Nd4+ Ke5 47. Ne2 Rf3 48. b4 Nd3+ 49. Kc3 Nf4+ 50. Kc2 Nd5 51. Nd4 Nxb4+ 52. Kd1 Rh3 53. Rg2 Rd3+ 54. Ke2 Rxd4 0-1

[Event "GrandPrix_30.05"]
[Site "Chess.com"]
[Date "2020.05.30"]
[Round "8"]
[White "troisi"]
[Black "MasterSonnevanck2"]
[Result "1-0"]
[WhiteElo "1782"]
[BlackElo "2099"]
[TimeControl "600+2"]
[EndTime "11:59:13 PDT"]
[Termination "troisi won by resignation"]

1. e4 d6 2. d4 Nf6 3. Nc3 g6 4. h3 Bg7 5. Nf3 O-O 6. Bd3 Nc6 7. O-O e5 8. Be3 exd4 9. Nxd4 Re8 10. Re1 Nb4 11. Bb5 c6 12. Bc4 d5 13. exd5 Nfxd5 14. Nxd5 Nxd5 15. Qf3 Re5 16. c3 Qf8 17. Bf4 Rxe1+ 18.
Rxe1 Nxf4 19. Qxf4 c5 20. Nf3 Bf5 21. g4 b5 22.
gxf5 bxc4 23. Qxc4 Qd6 24. Ng5 Qf6 25. Ne4 Qxf5 26. Nd6 Qf6 27. Qxc5 Bf8 28. Qd5 Rb8 29.
Ne4 Qf4 30. b4 Bg7 31. Re3 Be5 32. Ng3 Bd6 33. Rf3 Qe5 34. Qxf7+ Kh8 35. Qxa7 Qe1+ 36. Kg2 Bxg3 37. Rxg3 Rf8 38. Qd4+ Kg8 39. Qe3 Qd1 40. Qe6+ Kh8 41. Qe5+ Kg8 42. c4 Qc2 43. Qd5+ Kh8 44. Qd4+ Kg8 45. a3 Qe2 46. c5 Re8 47. Re3 Rxe3 48.
Qxe3 Qc4 49. Qf3 Kg7 50. c6 Qc2 51. b5 Qc5 52. a4 Qg5+ 53. Kh2 Qe5+ 54. Qg3 Qc5 55.
c7 1-0

[Event "GrandPrix_30.05"]
[Site "Chess.com"]
[Date "2020.05.30"]
[Round "8"]
[White "Valeriy_Neverov"]
[Black "Salnaa"]
[Result "1-0"]
[WhiteElo "2115"]
[BlackElo "2111"]
[TimeControl "600+2"]
[EndTime "11:59:13 PDT"]
[Termination "Valeriy_Neverov won on time"]

1. d4 d5 2. c4 c6 3. Nf3 Nf6 4. Nc3 a6 5. Qb3 b5 6. cxd5 cxd5 7. Bg5 e6 8. e3 Bd6 9. Bd3 O-O 10. Ne5 h6 11. Bh4 Nbd7 12. f4 Bb7 13. O-O Qb6 14. Rf3 Rac8 15. Raf1 b4 16. Rg3 Bc6 17. Nxd7 Nxd7 18. Qd1 f5 19. Nb1 Nf6 20. Nd2 Bb5 21. Bxf6 Rxf6 22. Nf3 Bxd3 23. Qxd3 Qb5 24. Qd1 Qc4 25.
Qa4 Rf7 26. Ne5 Bxe5 27. fxe5 Rfc7 28. h3 Qb5 29. Qd1 Rc2 30. Qh5 Qe2 31. Qg6 R8c7 32. Qxe6+ Kh8 33. Qxf5 Rc1 34. Rxc1 Rxc1+ 35. Kh2 Rc7 36.
e6 Qb5 37. e7 1-0

[Event "GrandPrix_30.05"]
[Site "Chess.com"]
[Date "2020.05.30"]
[Round "8"]
[White "Saxar85"]
[Black "GeorgMeier"]
[Result "0-1"]
[WhiteElo "2481"]
[BlackElo "2641"]
[TimeControl "600+2"]
[EndTime "11:59:19 PDT"]
[Termination "GeorgMeier won by resignation"]

1. Nf3 d5 2. b3 Nf6 3. Bb2 Bf5 4.
g3 h6 5. Bg2 e6 6. O-O Be7 7. c4 O-O 8. cxd5 exd5 9. d3 Re8 10.
Nc3 c6 11. Nh4 Bh7 12. e4 Na6 13. Qf3 Nb4 14. Rad1 Bf8 15. a3 Nc2 16. Nb1 Qb6 17. Bxf6 gxf6 18. exd5 Nd4 19. Qg4+ Bg7 20. Nc3 f5 21.
Qh5 Qxb3 22. Rc1 Qxa3 23. Kh1 a5 24. g4 fxg4 25. Qxg4 Qf8 26. Rg1 Kh8 27. Qh5 Bxd3 28. Rcd1 Bh7 29. Qg4 c5 30. d6 Rad8 31. Bxb7 Rxd6 32.
Rg3 Ne2 33. Rxd6 Nxg3+ 34. Qxg3 Be5 35. Qf3 Qxd6 36. Ne4 Qe7 37. Bc6 Qxh4 38. Ng3 Rf8 0-1

[Event "GrandPrix_30.05"]
[Site "Chess.com"]
[Date "2020.05.30"]
[Round "8"]
[White "esskeettit"]
[Black "ulkaf961"]
[Result "1/2-1/2"]
[WhiteElo "2058"]
[BlackElo "1953"]
[TimeControl "600+2"]
[EndTime "11:59:21 PDT"]
[Termination "Game drawn by agreement"]

1. d4 d5 2. c4 c6 3. e3 Bf5 4.
Nc3 e6 5. Bd3 Bxd3 6. Qxd3 Nf6 7. Nf3 Bb4 8. O-O O-O 9. a3 Bxc3 10. bxc3 Nbd7 11. a4 Ne4 12. Nd2 f5 13. f3 Nxd2 14. Bxd2 Qh4 15. Be1 Qh5 16. cxd5 exd5 17. c4 Rae8 18.
cxd5 cxd5 19. Bf2 Rf6 20. Qb5 Nb6 21. a5 a6 22. Qb3 Nc4 23. Qxb7 Rh6 24. Qxd5+ Kh8 25.
h3 Nxe3 26. Bxe3 Rxe3 27. Rfe1 Rhe6 28. Qxe6 Rxe6 29. Rxe6 h6 30. Rxa6 Qg5 31. Rd1 Qe3+ 32. Kf1 Qb3 33. Ra8+ Kh7 34. Rd2 Qe3 35. Re2 Qxd4 36.
a6 Qd5 37. Rae8 Qd1+ 38. Kf2 Qd4+ 39. Kf1 Qa1+ 40. Re1 Qxa6+ 41. Kg1 Qb6+ 42. Kh1 h5 43.
R8e5 Qf2 44. Rd1 Qc2 45. Red5 Kh6 46. R1d4 Qc1+ 47. Kh2 Qc7+ 48. Rd6+ g6 49. Kh1 Qe7 50. Rd1 h4 51. Rd8 Kg5 52. R8d4 Qe2 53. Rb1 Qf2 54. Rd6 Qe2 55. Rc6 Qf2 56. Rbc1 Qe2 57. R6c2 Qe3 58. Rd1 Kf4 59. Rc4+ Kg3 60. Rdc1 Qe2 61. R4c2 Qe5 62. Rf1 Qb5 63. Rfc1 Qe5 1/2-1/2

[Event "GrandPrix_30.05"]
[Site "Chess.com"]
[Date "2020.05.30"]
[Round "8"]
[White "VolodymyrMolyboha"]
[Black "KruHor"]
[Result "0-1"]
[WhiteElo "2229"]
[BlackElo "2414"]
[TimeControl "600+2"]
[EndTime "11:59:31 PDT"]
[Termination "KruHor won on time"]

1. e4 c5 2. Nf3 d6 3. c3 Nf6 4. h3 g6 5. Bd3 Bg7 6. O-O O-O 7.
Bc2 e5 8. d4 exd4 9. cxd4 cxd4 10. Nxd4 Nc6 11. Nc3 Re8 12. Nf3 Be6 13. Bg5 h6 14. Bh4 Qb6 15. Rb1 Rad8 16. Re1 g5 17. Bg3 g4 18. hxg4 Bxg4 19. Ba4 Qc5 20. Qd3 Nh5 21.
Nh2 Qg5 22. Nd5 Nxg3 23. Qxg3 Bh5 24. Qxg5 hxg5 25. Nf3 g4 26. Nh4 g3 27. fxg3 Bg4 28.
Kh2 Re5 29. Bd1 Be6 30. Bf3 Nd4 31. Rbd1 Rg5 32. Nf4 Bxa2 33. Ra1 Nc2 34. Rxa2 Nxe1 35. Rxa7 Rb5 36. Be2 Rxb2 37. Bc4 Bd4 38. Ra3 b5 39. Bd5 b4 40. Ra4 Rb1 41. Nf5 Nc2 42. Nh6+ Kg7 43. Nxf7 Rd7 0-1

[Event "GrandPrix_30.05"]
[Site "Chess.com"]
[Date "2020.05.30"]
[Round "8"]
[White "GM_dmitrij"]
[Black "EvgenyRomanov"]
[Result "1-0"]
[WhiteElo "2463"]
[BlackElo "2265"]
[TimeControl "600+2"]
[EndTime "11:59:36 PDT"]
[Termination "GM_dmitrij won on time"]

1. e4 c5 2. Nf3 Nf6 3. Nc3 d5 4. Bb5+ Bd7 5. e5 Bxb5 6. Nxb5 a6 7. Nc3 d4 8. exf6 dxc3 9. bxc3 gxf6 10. O-O e6 11. Rb1 Qc7 12. d4 Nc6 13. d5 O-O-O 14. c4 Ne5 15. Nxe5 Qxe5 16. Qf3 Bd6 17. g3 Qf5 18. Qxf5 exf5 19. f4 Rde8 20. Bb2 Re4 21. Rfe1 Rhe8 22. Kf1 Bc7 23. Bxf6 Ba5 24. c3 b6 25. Rxe4 Rxe4 26. Re1 Rxc4 27. Re8+ Kc7 28. Ke2 Re4+ 29. Rxe4 fxe4 30. Ke3 b5 31. Kxe4 c4 32. g4 Kd7 33. h4 Bc7 34. h5 a5 35. g5 b4 36.
cxb4 axb4 37. f5 c3 38. g6 fxg6 39. fxg6 hxg6 40. h6 c2 41. Bb2 Bd8 42. Kd3 1-0

[Event "GrandPrix_30.05"]
[Site "Chess.com"]
[Date "2020.05.30"]
[Round "8"]
[White "Olga_Girya"]
[Black "Alex_Molchanov"]
[Result "0-1"]
[WhiteElo "2169"]
[BlackElo "2094"]
[TimeControl "600+2"]
[EndTime "11:59:39 PDT"]
[Termination "Alex_Molchanov won by resignation"]

1. d4 d5 2. c4 e6 3. Nf3 Nf6 4. Nc3 Be7 5. Bf4 O-O 6. e3 Nbd7 7.
a3 c6 8. h3 a6 9. c5 b6 10. b4 a5 11. Bd3 Ba6 12. O-O Qc8 13.
Qe2 Bxd3 14. Qxd3 Qb7 15. Rfc1 Ra7 16. Qc2 Rfa8 17. Rab1 axb4 18. axb4 b5 19. Nd2 Bd8 20. Nb3 Bc7 21. Bxc7 Qxc7 22. f4 h6 23. Na5 Nf8 24. Rb2 Ng6 25. Qf2 Ne7 26. Qf3 Ne8 27. g4 f5 28. Rg2 Nf6 29. g5 hxg5 30. fxg5 Ne4 31. g6 Kf8 32. Nxe4 dxe4 33. Qh5 Ng8 34. Rf1 Ra6 35.
Qh8 Qe7 36. Qh5 Nh6 37. Rg5 Rxa5 38. bxa5 Rxa5 39. Rgxf5+ exf5 40. Rxf5+ Kg8 41. Rf1 Ra8 42. d5 Qxc5 43. Kh1 Qxd5 44. Qe2 Rf8 0-1

[Event "GrandPrix_30.05"]
[Site "Chess.com"]
[Date "2020.05.30"]
[Round "8"]
[White "DinaBelenkaya"]
[Black "lelajavakhishvili"]
[Result "1-0"]
[WhiteElo "1657"]
[BlackElo "1992"]
[TimeControl "600+2"]
[EndTime "11:59:40 PDT"]
[Termination "DinaBelenkaya won by resignation"]

1. e4 d6 2. d4 Nf6 3. Nc3 g6 4. f4 Bg7 5. Bd3 O-O 6. Nf3 Bg4 7. h3 Bxf3 8. Qxf3 Nc6 9. Be3 e5 10. dxe5 dxe5 11. f5 Nd4 12. Qf2 c5 13. O-O Rc8 14. b3 Qa5 15. Nd5 Nxd5 16. exd5 e4 17. f6 Bh8 18. Bxe4 Rfe8 19. Bd2 Qb6 20. Rae1 Re5 21.
c3 Nb5 22. c4 Nd4 23. Bxg6 Rxe1 24. Bxh7+ Kxh7 25. Qh4+ Kg8 26. Qg4+ Kh7 27. Bxe1 Re8 28. Qh5+ Kg8 29. Qg5+ Kf8 30. Bd2 Qd6 31. Kh1 Qe5 32.
Qh6+ Kg8 33. Rf4 Bxf6 34. Rxf6 Ne2 35. Qg5+ Qxg5 36. Bxg5 Ng3+ 37. Kh2 Ne4 38. Rf5 Nd6 39. Rf3 Re2 40. a3 b5 41. Bf4 Ne4 42. cxb5 Kf8 43. h4 Nf6 44. d6 Ke8 45. Bg5 Ng4+ 46. Kg3 Ne5 47. Re3 Rxe3+ 48. Bxe3 Nd7 49. h5 f6 50. h6 Kf7 51. Kf4 Kg6 52. Ke4 Nb6 53.
a4 1-0

[Event "GrandPrix_30.05"]
[Site "Chess.com"]
[Date "2020.05.30"]
[Round "8"]
[White "Msb2"]
[Black "Bacyanide"]
[Result "1-0"]
[WhiteElo "2651"]
[BlackElo "2478"]
[TimeControl "600+2"]
[EndTime "11:59:53 PDT"]
[Termination "Msb2 won by resignation"]

1. d4 d5 2. c4 e6 3. Nc3 c5 4. cxd5 exd5 5. Nf3 Nf6 6. Bg5 Be6 7. e3 c4 8. Be2 Bb4 9. O-O O-O 10. Qc2 Nbd7 11. Ne5 Qc7 12. Bf4 Qa5 13. a3 Bxc3 14. Nxd7 Bxd7 15. bxc3 Ne4 16. Rfc1 Bf5 17. Qb2 g5 18.
Be5 f6 19. Bg3 Rf7 20. f3 Nxg3 21. hxg3 Re8 22. e4 dxe4 23. Bxc4 Be6 24. Bxe6 Rxe6 25. Re1 Qd5 26. Qa2 Qxa2 27. Rxa2 Rc7 28. Rc2 e3 29. g4 Kf7 30. Kf1 h5 31. Ke2 hxg4 32. fxg4 Re4 33. Kd3 Rxg4 34. Rxe3 Rf4 35. c4 Rd7 36. Re4 Rf1 37.
d5 Ra1 38. Rc3 b5 39. cxb5 Rxd5+ 40. Kc4 Rd7 41. Kb4 f5 42. Rec4 f4 43. g3 Rf1 44.
gxf4 Rxf4 45. Rxf4+ gxf4 46. Rc4 Ke6 47. Rxf4 Rd3 48. a4 Kd6 49. Rf7 a6 50. Rf6+ Kc7 51.
Rxa6 Rd4+ 52. Ka5 Kb7 53. Rg6 Rd7 54. Kb4 Rd4+ 55. Kb3 Rf4 56. Rc6 Rf3+ 57. Kb4 Rf4+ 58. Rc4 Rf1 59. Rh4 Rb1+ 60. Ka5 Rf1 61. Rh7+ Ka8 62.
Ka6 Rf6+ 63. b6 Rf8 64. a5 Kb8 65. Rc7 Re8 66. Kb5 Re5+ 67. Rc5 Re8 68. a6 Rh8 69. a7+ Kb7 70. Rc7+ Ka8 71. Ka6 Rb8 72. axb8=Q+ Kxb8 73. Rc2 1-0

[Event "GrandPrix_30.05"]
[Site "Chess.com"]
[Date "2020.05.30"]
[Round "8"]
[White "HElissalt"]
[Black "LazovT"]
[Result "0-1"]
[WhiteElo "2069"]
[BlackElo "2235"]
[TimeControl "600+2"]
[EndTime "11:59:56 PDT"]
[Termination "LazovT won by resignation"]

1. d3 e5 2. d4 exd4 3. Qxd4 Nc6 4. Qa4 d5 5. Nf3 Nf6 6. c3 Bc5 7. Bg5 h6 8. Bh4 Qe7 9. Nbd2 Bd7 10. Qc2 a5 11. e3 g5 12. Bg3 Nh5 13. O-O-O O-O-O 14. Bd3 Nxg3 15. hxg3 Ne5 16. Bf5 Kb8 17. Nxe5 Qxe5 18.
Bxd7 Rxd7 19. Nc4 Qf6 20. Nxa5 Bb6 21. Nb3 h5 22. c4 c6 23. Kb1 h4 24. g4 Re8 25. c5 Bc7 26. Nd4 Re4 27. Rd2 Be5 28.
Nf5 Rxg4 29. f3 Rb4 30. b3 Qd8 31. Rhd1 Qa5 32. Nd4 Re7 33. Nf5 Re8 34. e4 dxe4 35. fxe4 Rb5 36. Nd6 Rxc5 37. Nc4 Qc3 38. Qxc3 Bxc3 39.
Rd7 Rxc4 40. bxc4 Rxe4 41. Rc1 Rxc4 42. a3 Rd4 43. Rxf7 Rd3 44. Kc2 Rg3 45. Rd1 Ka7 46. Rdd7 Ka6 47. Rxb7 Bd4 48. Rbd7 c5 49. Rf8 Kb5 50. Rc8 Kc4 51. Kd1 Rxg2 52. Ke1 h3 53. Kf1 Rg1+ 54. Ke2 h2 0-1

[Event "GrandPrix_30.05"]
[Site "Chess.com"]
[Date "2020.05.30"]
[Round "8"]
[White "Novoselski"]
[Black "RitvarsReimanis"]
[Result "1/2-1/2"]
[WhiteElo "2316"]
[BlackElo "2192"]
[TimeControl "600+2"]
[EndTime "12:00:00 PDT"]
[Termination "Game drawn by agreement"]

1. e4 c5 2. Nc3 Nc6 3. Nf3 Nf6 4. Bb5 Nd4 5. e5 Nxb5 6. Nxb5 Qb6 7. c4 a6 8. Nc3 Ng8 9. d4 cxd4 10. Nxd4 e6 11.
O-O d6 12. Be3 Qc7 13. exd6 Bxd6 14. g3 Bd7 15. Ne4 Be7 16. c5 Nf6 17. Nd6+ Bxd6 18. cxd6 Qxd6 19. Qb3 O-O 20. Rfd1 Nd5 21. Nc2 Bc6 22.
Bf4 Qd7 23. a4 Qe7 24. Bd2 Qf6 25. Ne1 Rac8 26. Rac1 Qf5 27. Rc4 Nf6 28. Rf4 Qd5 29. Qxd5 Bxd5 30. Bc3 Ne4 31. Bb4 Rfd8 32. Ba5 Re8 33.
f3 Nd6 34. Bc3 b5 35. axb5 Nxb5 36. Ba5 g5 37. Rg4 h6 38. h4 f5 39. Rb4 Kf7 40.
Kf2 Nd6 41. Rb6 Nc4 42. Rxa6 Nxb2 43. Rb1 Nc4 44. Bc3 gxh4 45. gxh4 Ra8 46. Rba1 Rxa6 47. Rxa6 Ra8 48. Rxa8 Bxa8 49. Nd3 Bb7 50. Bd4 Bd5 51.
f4 Kg6 52. Ne5+ Nxe5 53. Bxe5 h5 54. Kg3 Kf7 1/2-1/2

[Event "GrandPrix_30.05"]
[Site "Chess.com"]
[Date "2020.05.30"]
[Round "8"]
[White "ehrenfeld"]
[Black "Haapana"]
[Result "1-0"]
[WhiteElo "2100"]
[BlackElo "2325"]
[TimeControl "600+2"]
[EndTime "12:00:01 PDT"]
[Termination "ehrenfeld won on time"]

1. e4 e6 2. d3 d5 3. Qe2 Be7 4. Nf3 Nf6 5. g3 c5 6. Bg2 Nc6 7. e5 Nd7 8. c4 dxc4 9. dxc4 Nd4 10. Nxd4 cxd4 11. O-O Qc7 12. Re1 h5 13. Nd2 h4 14.
Nf3 hxg3 15. hxg3 Bc5 16. Bf4 Nb8 17. a3 a5 18. b4 axb4 19. axb4 Rxa1 20. Rxa1 Bxb4 21.
Nxd4 Bd7 22. Ra7 O-O 23. Rxb7 Qa5 24. Qb2 Bc3 25. Nb3 Bxb2 26. Nxa5 Bc3 27. Nb3 Rc8 28. Nc5 Be8 29. Ne4 Bc6 30. Nxc3 Bxb7 31. Bxb7 Rxc4 32.
Ne4 Nc6 33. Nd6 Rc5 34. Bxc6 Rxc6 35. Kg2 Rc3 36. Ne4 Rb3 37. Be3 Rb4 38. Nc5 Rc4 39.
f4 Kf8 40. Kf3 Ke7 41. Ne4 f6 42. Bc5+ Kd8 43. Bf8 fxe5 44. fxe5 g6 45. Bg7 Kd7 46. Bf6 Kc6 47. Nd6 Rb4 48. Nf7 1-0